 Dungeon Crawl Stone Soup version 0.27-a0-1529-g1e82c303ef (webtiles) character file.

Game seed: 6180698251746369505

865 Wyvernaa the Covert (level 8, -7/37 HPs)
             Began as a Vine Stalker Enchanter on July 11, 2021.
             Killed from afar by a white imp (10 damage)
             ... with a puff of frost
             ... on level 5 of the Dungeon.
             The game lasted 00:22:24 (4403 turns).

Wyvernaa the Covert (Vine Stalker Enchanter)        Turns: 4403, Time: 00:22:25

Health: -7/37      AC:  2    Str: 11    XL:     8   Next: 3%
Magic:  0/13       EV: 12    Int: 17    God:
Gold:   195        SH:  0    Dex: 15    Spells: 7/13 levels left

rFire    . . .     SeeInvis +   l - +2 dagger (holy)
rCold    . . .     Faith    .   (no shield)
rNeg     . . .     Spirit   +   b - +0 robe
rPois    .         Reflect  .   (no helmet)
rElec    .         Harm     .   (no cloak)
rCorr    .         Rampage  .   (no gloves)
Will     +....                  (no boots)
Stlth    ++++......             (no amulet)
HPRegen  1.12/turn              m - ring of see invisible
MPRegen  0.13/turn              (no ring)

@: no status effects
A: fangs 3, regeneration 1, magic shield, antimagic bite, no potion heal 2
a: no special abilities


You were on level 5 of the Dungeon.
You visited 1 branch of the dungeon, and saw 5 of its levels.
You also visited: Ossuary.

You collected 195 gold pieces.

Inventory:

Hand Weapons
 a - a +4 dagger
 f - a +0 dagger of flaming
 l - a +2 dagger of holy wrath (weapon)
Armour
 b - a +0 robe (worn)
 j - a +2 leather armour of fire resistance
Jewellery
 m - a ring of see invisible (left hand)
Wands
 d - a wand of iceblast (12)
Scrolls
 c - a scroll of fear
 g - 2 scrolls of magic mapping
Potions
 e - 2 potions of curing
 h - 3 potions of attraction
 i - 4 potions of brilliance
 k - 2 potions of might
 n - 2 potions of haste


   Skills:
 + Level 1.2 Fighting
 + Level 3.2 Short Blades
 + Level 2.3 Dodging
 * Level 8.8 Stealth
 + Level 3.1 Spellcasting
 * Level 4.7 Hexes


You had 7 spell levels left.
You knew the following spells:

 Your Spells              Type           Power      Damage    Failure   Level
a - Corona                Hex            20%        N/A       2%          1
b - Ensorcelled Hibernat  Hex/Ice        20%        N/A       10%         2
c - Confusing Touch       Hex            18%        N/A       8%          3

Your spell library contained the following spells:

 Spells                   Type           Power      Damage    Failure   Level
 Tukima's Dance           Hex            18%        N/A       8%          3
 Dazzling Flash           Conj/Hex       20%        N/A       21%         3


Dungeon Overview and Level Annotations

Branches:
Dungeon (5/15)            Ossuary (visited)
 Temple: D:4-7

Altars:

Shops:
D:1 ?   D:3 ?   D:4 [

Annotations:
D:4 Menkaure


Innate Abilities, Weirdness & Mutations

You have razor-sharp teeth.
Your natural rate of healing is unusually fast.
When hurt, damage is shared between your health and your magic reserves.
Your bite disrupts and absorbs the magic of your enemies.
Potions cannot restore your health.


Message History

Confirm with . or Enter, or press ? or * to list all spells.
Aiming: Ensorcelled Hibernation (safe; 10% risk of failure)
Press: ? - help, Shift-Dir - straight line, f - white imp
Aim: a white imp (not susceptible)
Okay, then.
Casting: Ensorcelled Hibernation (safe; 10% risk of failure)
Confirm with . or Enter, or press ? or * to list all spells.
Aiming: Corona (safe; 2% risk of failure)
Press: ? - help, Shift-Dir - straight line, f - white imp
Aim: a white imp (chance to affect: 65%)
The white imp barely resists.
The white imp gestures at you. The puff of frost hits you.
The white imp gestures at you. The puff of frost hits you!
The white imp sputters.
Casting: Corona (safe; 2% risk of failure)
Confirm with . or Enter, or press ? or * to list all spells.
Aiming: Corona (safe; 2% risk of failure)
Press: ? - help, Shift-Dir - straight line, f/p - white imp
Aim: a white imp (chance to affect: 65%)
The white imp is outlined in light.
The white imp gestures at you. The puff of frost hits you!
You barely miss the white imp. The white imp hits you.
The white imp freezes you.
You hit the white imp.
The white imp convulses.
The white imp is heavily wounded.
The white imp gestures at you. The puff of frost hits you!
* * * LOW HITPOINT WARNING * * *
You hit the white imp but do no damage.
The white imp is heavily wounded.
The white imp hits you.
* * * LOW HITPOINT WARNING * * *
The white imp freezes you.
* * * LOW HITPOINT WARNING * * *
The white imp gestures at you. The puff of frost hits you!
You die...

# .. ### .#..#
.... #.. #.5##
#..# #.@# ##..##
###....##
#.......##
##........##
#..........# #
.##..........##
##
..............##
##.
...............#
##..


You could see a white imp (corona).

Vanquished Creatures
  Grinder (D:3)
  Eustachio (D:4)
  A water moccasin skeleton (D:5)
  2 water moccasin zombies (Ossuary)
  A killer bee (D:4)
  A jelly (D:4)
  A hound (D:5)
  Ijyb (D:4)
  Natasha (twice) (D:3)
  An iguana (D:5)
  2 mummies (Ossuary)
  Robin (D:4)
  4 adders
  3 adder zombies (Ossuary)
  2 dart slugs
  2 orcs (D:4)
  4 bats
  4 endoplasms
  3 giant cockroaches
  A gnoll zombie (Ossuary)
  14 goblins
  11 hobgoblins
  4 quokkas
  6 ball pythons
  5 hobgoblin zombies (Ossuary)
  6 kobolds
  7 kobold zombies (Ossuary)
  3 orc zombies (Ossuary)
  11 rats
105 creatures vanquished.

Notes
Turn   | Place    | Note
-------+----------+-------------------------------------------
     0 | D:1      | Wyvernaa the Vine Stalker Enchanter began the quest for the
                  | Orb.
     0 | D:1      | Reached XP level 1. HP: 9/9 MP: 4/4
    75 | D:1      | Found Laeteo's Magic Scroll Shoppe.
    88 | D:1      | Reached skill level 4 in Stealth
   340 | D:1      | Reached XP level 2. HP: 13/13 MP: 6/6
   345 | D:1      | Learned a level 2 spell: Ensorcelled Hibernation
   870 | D:1      | Reached skill level 1 in Short Blades
   908 | D:1      | Reached XP level 3. HP: 10/16 MP: 3/7
  1437 | D:2      | Reached skill level 5 in Stealth
  1612 | D:2      | Found a faded altar of an unknown god.
  1617 | D:2      | Learned a level 3 spell: Confusing Touch
  1960 | D:3      | Gained mutation: Your natural rate of healing is unusually
                  | fast. [Vine Stalker growth]
  1960 | D:3      | Reached XP level 4. HP: 20/21 MP: 8/8
  1990 | D:3      | Found Zeonlen's Magic Scroll Emporium.
  2201 | D:3      | Noticed Natasha
  2207 | D:3      | Killed Natasha
  2233 | D:3      | Noticed Natasha
  2245 | D:3      | Killed Natasha
  2246 | D:3      | Reached skill level 6 in Stealth
  2343 | D:3      | Reached XP level 5. HP: 24/24 MP: 9/9
  2410 | D:3      | Noticed Grinder
  2424 | D:3      | Paralysed by Grinder for 4 turns
  2440 | D:3      | Killed Grinder
  2441 | D:3      | Reached skill level 7 in Stealth
  2441 | D:3      | Reached XP level 6. HP: 20/28 MP: 10/10
  2859 | D:4      | Noticed Eustachio
  2863 | D:4      | Killed Eustachio
  2864 | D:4      | Reached XP level 7. HP: 32/32 MP: 10/12
  2897 | D:4      | Found Doxtir's Armour Boutique.
  2928 | D:4      | Found a sand-covered staircase.
  2931 | D:4      | Noticed Robin
  2981 | D:4      | Reached skill level 8 in Stealth
  2991 | Ossuary  | Entered an ossuary
  3311 | D:4      | Killed Robin
  3311 | D:4      | Noticed Ijyb
  3323 | D:4      | Killed Ijyb
  3324 | D:4      | Reached skill level 1 in Fighting
  3498 | D:4      | Noticed Menkaure
  4113 | D:5      | Entered Level 5 of the Dungeon
  4198 | D:5      | Noticed a steam dragon
  4243 | D:5      | Gained mutation: You have razor-sharp teeth. [Vine Stalker
                  | growth]
  4243 | D:5      | Reached XP level 8. HP: 37/37 MP: 13/13
  4403 | D:5      | Killed from afar by a white imp

Illustrated notes

Levels and vault maps discovered:
D:1:      onia_arrival_mini_spirals, layout_basic, serial_shops, shop,
          minmay_surrounded
D:2:      layout_basic, hellmonk_ecumenical_altar_crossroads, hex_medium,
          minmay_small_reverse_x
D:3:      layout_loops_ring, serial_shops, nicolae_shop_waterfront,
          uniq_natasha, uniq_grinder
D:4:      wad_river_or_something, layout_loops_ring, jmf_multi_god_temple2,
          serial_shops, nicolae_shop_waterfront, nicolae_ossuary_entry_ruins,
          uniq_menkaure, uniq_ijyb, uniq_crazy_yiuf_cottage, uniq_robin,
          uniq_eustachio, uniq_duvessa
D:5:      cheibrodos_two_vegetables, layout_cave_pods

Skill      XL: |  1  2  3  4  5  6  7 |
---------------+----------------------+-----
Stealth        | 4 5 6 7 8 |  8.8
Short Blades   | 1 2 3 |  3.2
Dodging        | 2 |  2.3
Hexes          | 4 |  4.7
Fighting       | 1 |  1.2
Spellcasting   | 3 |  3.1

Action                   |  1- 3 |  4- 6 |  7- 9 || total
-------------------------+-------+-------+-------++-------
Melee: Dagger            |    61 |    66 |   144 ||   271
       Bite              |     8 |    11 |    28 ||    47
 Cast: Corona            |     3 |     4 |     6 ||    13
       Ensorcelled Hiber |     5 |     9 |    14 ||    28
  Use: Scroll            |     5 |     4 |     5 ||    14
       Potion            |       |     2 |     1 ||     3
 Stab: Sleeping          |    20 |     8 |    15 ||    43
       Distracted        |       |     1 |       ||     1
Armor: Robe              |     2 |    16 |    12 ||    30
Dodge: Dodged            |    27 |    46 |    70 ||   143

Table legend: (Time is in decaauts)
 A = Elapsed time spent in this place.
 B = Non-inter-level travel time spent in this place.
 C = Inter-level travel time spent in this place.
 D = Time resting spent in this place.
 E = Time spent auto-exploring this place.
 F = Levels seen in this place.
 G = Mean time per level.
                   A        B        C        D        E       F      G
               +--------+--------+--------+--------+--------+-----+--------+
         Total |   4383 |   4330 |     53 |    738 |   2121 |   6 |  730.5 |
       Dungeon |   4081 |   4028 |     53 |    683 |   2086 |   5 |  816.2 |
       Ossuary |    302 |    302 |      0 |     55 |     35 |   1 |  302.0 |
               +--------+--------+--------+--------+--------+-----+--------+

Top non-repeatable levels by time:
     D:1: 1392 daAuts
     D:4: 962 daAuts
     D:3: 941 daAuts
     D:2: 498 daAuts
 Ossuary: 302 daAuts
     D:5: 286 daAuts
